 Dungeon Crawl Stone Soup version 0.32-a0-871-ge202e49faa (webtiles) character file.

Game seed: 14008942457903301393

4250 Autsider the Grappler (level 10, -11/100 HPs)
             Began as a Troll Fighter on Mar 29, 2024.
             Mangled by a warg (15 damage)
             ... on level 9 of the Dungeon.
             The game lasted 00:14:56 (5170 turns).

Autsider the Grappler (Troll Fighter)               Turns: 5170, Time: 00:14:57

Health: -11/100    AC:  4    Str: 26    XL:     10   Next: 9%
Magic:  11/11      EV: 15    Int:  4    God:
Gold:   400        SH: 10    Dex: 13    Spells: 10/12 levels left

rFire   . .          .
                       - Unarmed
rCold   . . .        b - +0 kite shield
rNeg    . . .        a - +0 robe
rPois   .            (helmet restricted)
rElec   .            (no cloak)
rCorr   .            (gloves unavailable)
SInv    .            (boots unavailable)
Will    .....        (no amulet)
Stlth   +            n - +5 ring of evasion
HPRegen 1.16/turn    (no ring)
MPRegen 0.12/turn

%: no passive effects
@: no status effects
A: large, unfitting armour, claws 3, regeneration 1, shaggy fur 1, tough skin 1
a: Convert to Beogh


You were on level 9 of the Dungeon.
You visited 2 branches of the dungeon, and saw 10 of its levels.

You collected 400 gold pieces.

Inventory:

Missiles
 u - 3 throwing nets (quivered)
Armour
 a - a +0 robe (worn)
 b - a +0 kite shield (worn)
Jewellery
 m - a ring of magical power
 n - a +5 ring of evasion (left claw)
Wands
 o - a wand of warping (6)
Scrolls
 d - a scroll of fog
 e - a scroll of vulnerability
 g - a scroll of teleportation
 i - 3 scrolls of noise
 r - a scroll of immolation
Potions
 c - a potion of might
 f - a potion of attraction
 h - 2 potions of curing
 j - 2 potions of ambrosia
 k - a potion of mutation
 l - a potion of lignification
 s - a potion of cancellation {unknown}
 t - a potion of enlightenment {unknown}


   Skills:
 + Level 6.5 Fighting
 + Level 6.4 Dodging
 + Level 7.0 Shields
 * Level 10.3 Unarmed Combat
 + Level 1.8 Spellcasting
 + Level 2.2 Translocations


You had 10 spell levels left.
You knew the following spells:

 Your Spells              Type           Power      Damage    Failure   Level
a - Lesser Beckoning      Tloc           4%         N/A       47%         2

Your spell library contained the following spells:

 Spells                   Type           Power      Damage    Failure   Level
 Foxfire                  Conj/Fire      0%         2x1d4     65%         1
 Freeze                   Ice            0%         1d3       65%         1
 Shock                    Conj/Air       0%         1d3       65%         1
 Teleport Other           Tloc           2%         N/A       71%         3
 Frozen Ramparts          Ice            0%         1d1       95%         3
 Fugue of the Fallen      Necr           0%         N/A       95%         3
 Hailstorm                Conj/Ice       0%         3d5       95%         3
 Ozocubu's Armour         Ice            0%         N/A       95%         3
 Swiftness                Air            0%         N/A       95%         3
 Maxwell's Portable Pile  Tloc           2%         2d(5-10)  98%         4
 Airstrike                Air            0%         2d(0-16)  100%        4
 Leda's Liquefaction      Alch/Erth      0%         N/A       100%        4
 Lee's Rapid Deconstruct  Erth           0%         3d4*      100%        5
 Permafrost Eruption      Ice/Erth       0%         2x4d2     100%        6
 Plasma Beam              Fire/Air       0%         2x1d10    100%        6
 Starburst                Conj/Fire      0%         6d3       100%        6
 Manifold Assault         Tloc           1%         N/A       100%        7


Dungeon Overview and Level Annotations

Branches:
Dungeon (9/15)             Temple (1/1) D:4            Lair (0/5) D:9
    Orc: D:9-12

Altars:
Ashenzari
Dithmenos
Elyvilon
Fedhas
Gozag
Hepliaklqana
Makhleb
Qazlal
Ru
Sif Muna
Trog
Uskayaw
Xom
Yredelemnul
The Shining One

Shops:
D:3 (

Annotations:
D:7 2 transporters, Xoff's ghost, novice GnCj


Innate Abilities, Weirdness & Mutations

You are too large for most types of armour.
You have claws for hands.
Your natural rate of healing is unusually fast.
You are covered in fur. (AC +1)
You have tough skin. (AC +1)


Message History

You hear a howl!
You hear a shout!
You block the wolf's attack. The warg misses you. You block the wolf's attack.
You block the warg's attack.
You claw the wolf!
You kill the wolf!
The warg closely misses you.
You mangle the orc wizard!!
You kill the orc wizard!
The warg closely misses you.
You claw the orc!
You kill the orc!
The warg closely misses you. The warg barely misses you.
You mangle the orc priest!!
You kill the orc priest!
The warg barely misses you.
You scratch the wolf but do no damage.
The wolf is heavily wounded.
The wolf misses you. You block the warg's attack. You block the wolf's attack.
You closely miss the wolf.
The wolf is heavily wounded.
You block the warg's attack. The wolf barely misses you.
You block the warg's attack.
You closely miss the wolf.
The wolf is moderately wounded.
The wolf bites you!
* * * LOW HITPOINT WARNING * * *
The warg completely misses you. You block the wolf's attack.
The orc priest miscasts a cantrip.
You barely miss the wolf.
The wolf is moderately wounded.
You block the warg's attack. The wolf bites you but does no damage.
You claw the wolf!
The wolf is almost dead.
The wolf barely misses you. You block the warg's attack. The wolf bites you.
* * * LOW HITPOINT WARNING * * *
You block the warg's attack.
You claw the wolf!
You kill the wolf!
The warg bites you!
You die...

#..............# ###'#
#######.######## #.# #.#
#.# ###### #.# #.# .....#
#.# #.. .....# #†# #####
.....##### #.# #....
.....'...#### #h# #....
.....###....####@# #....
.....#
####...##o############oo..
.....#
###...o..h...o....'o...
######
###..############K... #.##
###+# #.# #.# #.# ..#


You could see a warg, an orc priest and an orc wizard.

Vanquished Creatures
  A two-headed ogre (D:9)
  2 water moccasins
  A sky beast (D:7)
  An ice beast (D:6)
  2 black bears
  2 wolves (D:9)
  2 ogres
  A centaur (D:7)
  A phantom (D:6)
  A kobold brigand (D:7)
  2 scorpions
  6 killer bees (D:9)
  2 bombardier beetles
  A hound (D:5)
  A jelly (D:6)
  4 orc priests
  2 gnoll boudas
  An iguana (D:6)
  3 orc wizards
  5 adders
  8 gnolls
  3 white imps
  3 dart slugs
  4 ribbon worms
  21 orcs
  6 ball pythons
  7 endoplasms
  4 giant cockroaches
  8 goblins
  9 hobgoblins
  7 jackals
  3 quokkas
  3 bats
  4 frilled lizards
  10 kobolds
  5 rats
146 creatures vanquished.

Notes
Turn   | Place    | Note
-------+----------+-------------------------------------------
     0 | D:1      | Autsider the Troll Fighter began the quest for the Orb.
     0 | D:1      | Reached XP level 1. HP: 22/22 MP: 0/0
    88 | D:1      | Reached XP level 2. HP: 20/29 MP: 1/1
   296 | D:1      | Reached XP level 3. HP: 36/36 MP: 2/2
   656 | D:2      | Found a faded altar of an unknown god.
   656 | D:2      | Noticed an orange demon
   755 | D:2      | Reached skill level 3 in Unarmed Combat
   755 | D:2      | Reached XP level 4. HP: 34/44 MP: 3/3
  1093 | D:2      | Found a sacrificial altar of Ru.
  1315 | D:3      | Found Icveast's Weapon Emporium.
  1460 | D:3      | Identified the +0 ring mail "Edowifeq" {rF+ Int-2 Dex+4}
  1625 | D:3      | Found an opulent altar of Gozag.
  1756 | D:3      | Reached XP level 5. HP: 53/53 MP: 4/4
  2144 | D:4      | Reached skill level 4 in Unarmed Combat
  2211 | D:4      | Found a staircase to the Ecumenical Temple.
  2219 | Temple   | Entered the Ecumenical Temple
  2281 | D:4      | Found a burning altar of Makhleb.
  2490 | D:4      | Reached XP level 6. HP: 49/61 MP: 5/5
  2919 | D:5      | Entered Level 5 of the Dungeon
  3163 | D:5      | Reached skill level 5 in Unarmed Combat
  3163 | D:5      | Reached XP level 7. HP: 40/68 MP: 6/6
  3425 | D:5      | Learned a level 2 spell: Lesser Beckoning
  3516 | D:5      | Found a hide-covered altar of Uskayaw.
  3577 | D:5      | Found a hazy altar of Hepliaklqana.
  3772 | D:6      | Found a stormy altar of Qazlal.
  4137 | D:6      | Reached skill level 6 in Unarmed Combat
  4137 | D:6      | Reached skill level 1 in Translocations
  4137 | D:6      | Reached XP level 8. HP: 41/78 MP: 6/8
  4450 | D:6      | Reached skill level 1 in Spellcasting
  4554 | D:7      | Found a transporter.
  4556 | D:7      | Found a transporter.
  4557 | D:7      | Found a bloodstained altar of Trog.
  4557 | D:7      | Noticed Xoff's ghost (novice GnCj)
  4557 | D:7      | Noticed a two-headed ogre
  4557 | D:7      | Noticed a moth of wrath
  4771 | D:7      | Reached skill level 10 in Unarmed Combat
  4771 | D:7      | Reached XP level 9. HP: 89/89 MP: 10/10
  4979 | D:8      | Found a shimmering altar of Xom.
  5086 | D:9      | Noticed a two-headed ogre
  5101 | D:9      | Killed a two-headed ogre
  5102 | D:9      | Reached XP level 10. HP: 65/100 MP: 11/11
  5127 | D:9      | Found a staircase to the Lair.
  5160 | D:9      | HP: 3/100 [shot self (15)]
  5167 | D:9      | HP: 3/100 [wolf (8)]
  5170 | D:9      | Mangled by a warg

Illustrated notes

Levels and vault maps discovered:
D:1:      saegor_arrival_simple_d, layout_loops_ring
D:2:      layout_loops_ring, basic_altar,
          dreamdust_ecumenical_altar_sealed_demon
D:3:      layout_loops_corners, nicolae_gozag_seed_capital, serial_shops, shop,
          minivault_5, minmay_ruptured
D:4:      layout_loops_cross, amcnicky_altar_gilded,
          minmay_temple_entry_statues, portal_sewer_entry_e
D:5:      layout_loops_cross, kennysheep_little_box,
          mainiacjoe_overflow_alcove_2, minmay_misc_feat_tiny
D:6:      layout_loops_corners, mainiacjoe_overflow_small_starburst,
          minivault_27
D:7:      layout_rooms, gammafunk_ghost_wrathful_warriors
D:8:      layout_basic, nemelex_spade_bored_becter,
          pdpol_wu_jian_five_deadly_venoms, vehumet_crystals,
          xom_confusion_cloud, guppyfry_early_elven_hall, uniq_grum
D:9:      layout_roguey, mainiacjoe_overflow_paths,
          gammafunk_temple_overflow_forgotten, nicolae_overflow_crystal_walls,
          erik_lair_orcish_takeover, enter_bailey_3
Temple:   hellmonk_temple_micro_hex

Skill      XL: |  1  2  3  4  5  6  7  8  9 |
---------------+----------------------------+-----
Shields        | 3 4 6 7 |  7.0
Unarmed Combat | 3 4 5 6 10 | 10.3
Fighting       | 3 4 6 |  6.5
Dodging        | 3 4 6 |  6.4
Translocations | 1 2 |  2.2
Spellcasting   | 1 |  1.8

Action                     |  1- 3 |  4- 6 |  7- 9 | 10-12 || total
---------------------------+-------+-------+-------+-------++-------
  Melee: Unarmed           |    93 |   179 |   170 |    15 ||   457
  Evoke: Wand              |       |       |     1 |     2 ||     3
    Use: Scroll            |       |     6 |    10 |       ||    16
         Potion            |       |       |     3 |     1 ||     4
   Stab: Sleeping          |       |     2 |       |       ||     2
 Armour: Robe              |    52 |    99 |   106 |    18 ||   275
  Dodge: Dodged            |    23 |    53 |   120 |    16 ||   212
  Block: Kite shield       |    31 |    79 |    79 |    23 ||   212

Table legend: (Time is in decaauts)
 A = Elapsed time spent in this place.
 B = Non-inter-level travel time spent in this place.
 C = Inter-level travel time spent in this place.
 D = Time resting spent in this place.
 E = Time spent auto-exploring this place.
 F = Levels seen in this place.
 G = Mean time per level.
                   A        B        C        D        E       F      G
               +--------+--------+--------+--------+--------+-----+--------+
         Total |   5183 |   4789 |    394 |     96 |   3556 |  10 |  518.3 |
       Dungeon |   5181 |   4787 |    394 |     96 |   3556 |   9 |  575.7 |
        Temple |      1 |      1 |      0 |      0 |      0 |   1 |    1.0 |
               +--------+--------+--------+--------+--------+-----+--------+

Top non-repeatable levels by time:
     D:3: 962 daAuts
     D:6: 939 daAuts
     D:4: 788 daAuts
     D:5: 691 daAuts
     D:1: 620 daAuts
     D:2: 562 daAuts
     D:7: 391 daAuts
     D:9: 179 daAuts
     D:8: 45 daAuts
  Temple: 1 daAuts
